 Dungeon Crawl Stone Soup version 0.28.0-45-g0d030f2227 (webtiles) character file.

Game seed: 4523852493974090915

51 dianekeaton the Cudgeller (level 3, -4/31 HPs)
             Began as a Minotaur Fighter on Apr 5, 2022.
             Slain by a worm (7 damage)
             ... on level 3 of the Dungeon.
             The game lasted 00:05:28 (1752 turns).

dianekeaton the Cudgeller (Minotaur Fighter)        Turns: 1752, Time: 00:05:28

Health: -4/31      AC:  6    Str: 22    XL:     3   Next: 57%
Magic:  2/2        EV:  9    Int:  5    God:
Gold:   54         SH:  4    Dex:  9    Spells: 2/2 levels left

rFire   . . .      SeeInvis .   a - +0 flail
rCold   . . .      Faith    .   c - +0 buckler
rNeg    . . .      Spirit   .   b - +0 scale mail
rPois   .          Reflect  .   (helmet restricted)
rElec   .          Harm     .   (no cloak)
rCorr   .          Rampage  .   (no gloves)
Will    .....                   (no boots)
Stlth   ..........              (no amulet)
HPRegen 0.10/turn               (no ring)
MPRegen 0.08/turn               (no ring)

@: no status effects
A: horns 2, retaliatory headbutt
a: no special abilities


You were on level 3 of the Dungeon.
You visited 1 branch of the dungeon, and saw 3 of its levels.

You collected 54 gold pieces.

Inventory:

Hand Weapons
 a - a +0 flail (weapon)
Armour
 b - a +0 scale mail (worn)
 c - a +0 buckler (worn)
Magical Staves
 e - a staff of conjuration
Scrolls
 f - a scroll of identify {unknown}
 h - a scroll of vulnerability {unknown}
 i - a scroll of summoning {unknown}
Potions
 d - a potion of might
 g - a potion of degeneration {unknown}
 j - a potion of lignification {unknown}


   Skills:
 - Level 3.6 Fighting
 + Level 4.7 Maces & Flails
 + Level 0.1 Throwing
 - Level 3.6 Armour
 + Level 0.5 Dodging
 + Level 0.1 Stealth
 - Level 3.6 Shields


You had 2 spell levels left.
You didn't know any spells.
Your spell library contained the following spells:

 Spells                   Type           Power      Damage    Failure   Level
 Animate Skeleton         Necr           0%         N/A       88%         1
 Apportation              Tloc           0%         N/A       88%         1
 Summon Small Mammal      Summ           0%         N/A       88%         1


Dungeon Overview and Level Annotations

Branches:
Dungeon (3/15)

Altars:

Shops:
D:1 *


Innate Abilities, Weirdness & Mutations

You have a pair of horns on your head.
You reflexively headbutt those who attack you in melee.


Message History

Found an escape hatch in the ceiling.
You sock the worm!
The worm is heavily wounded.
You thump the worm!
You kill the worm!
You see here a worm corpse.
Found a dagger.
A worm comes into view.
There is a faded altar of an unknown god here.
The gnoll shouts!
The gnoll hits you from afar with a +0 spear.
There is an escape hatch in the floor, spattered with blood here.
You closely miss the gnoll. Your headbutt misses the gnoll.
The gnoll hits you with a +0 flail! The gnoll closely misses you.
You sock the gnoll!
The gnoll is almost dead.
The gnoll misses you.
You closely miss the gnoll.
The gnoll is almost dead.
The gnoll hits you with a +0 flail.
The gnoll hits you from afar with a +0 spear.
The gnoll hits you but does no damage. The gnoll completely misses you.
The gnoll hits you with a +0 flail!
* * * LOW HITPOINT WARNING * * *
You slide downwards.
The hatch slams shut behind you.
Found a mace.
You barely miss the gnoll.
The gnoll is almost dead.
The worm bites you.
* * * LOW HITPOINT WARNING * * *
The gnoll barely misses you. You furiously retaliate!
You headbutt the gnoll!
You kill the gnoll!
You hit the worm but do no damage. You hit the worm.
The worm is moderately wounded.
The worm bites you but does no damage.
You hit the worm but do no damage.
The worm is moderately wounded.
The worm bites you!
You die...

..# #.#
#.#
###.####
#......#
#......#
#......#
#))w@..#
#####+##


You could see a worm.

Vanquished Creatures
  2 gnolls
  An adder (D:2)
  A worm (D:2)
  3 ball pythons
  3 bats (D:2)
  2 endoplasms (D:1)
  2 goblins (D:1)
  2 hobgoblins (D:1)
  A quokka (D:1)
  A frilled lizard (D:1)
  A kobold (D:1)
19 creatures vanquished.

Notes
Turn   | Place    | Note
-------+----------+-------------------------------------------
     0 | D:1      | dianekeaton the Minotaur Fighter began the quest for the
                  | Orb.
     0 | D:1      | Reached XP level 1. HP: 19/19 MP: 0/0
   251 | D:1      | Reached skill level 3 in Maces & Flails
   506 | D:1      | Reached XP level 2. HP: 22/26 MP: 1/1
   637 | D:1      | Found Vaoqarch's Assorted Antiques.
   925 | D:2      | Found a faded altar of an unknown god.
   950 | D:2      | Reached skill level 4 in Maces & Flails
  1471 | D:2      | Reached XP level 3. HP: 31/31 MP: 2/2
  1752 | D:3      | Slain by a worm

Illustrated notes

Levels and vault maps discovered:
D:1:      heliophobic_arrival_ceremonial_halls, layout_basic, serial_shops,
          nicolae_shop_stone
D:2:      layout_basic, basic_ecumenical_altar, minmay_small_reverse_x,
          uniq_jessica
D:3:      layout_basic, serial_shops,
          nicolae_shop_temple_entry_statues_fountains

Skill      XL: |  1  2 |
---------------+-------+-----
Maces & Flails | 3 4 |  4.7
Fighting       | |  3.6
Throwing       | |  0.1
Armour         | |  3.6
Dodging        | |  0.5
Stealth        | |  0.1
Shields        | |  3.6

Action                   || total
-------------------------++-------
Melee: Flail             ||    43
       Headbutt          ||     6
Throw: Throwing net      ||     2
Armor: Scale mail        ||    22
Dodge: Dodged            ||    24
Block: Buckler           ||     7
